 Dungeon Crawl Stone Soup version 0.20.0-15-g7f486f2 (webtiles) character file.

102 Fingolfin the Poker (level 4, 39/39 HPs)
             Began as a Minotaur Fighter on June 9, 2017.
             Quit the game on level 2 of the Dungeon.
             The game lasted 00:02:06 (1346 turns).

Fingolfin the Poker (Minotaur Fighter)              Turns: 1346, Time: 00:02:07

Health: 39/39      AC:  9    Str: 21    XL:     4   Next: 50%
Magic:  3/3        EV:  5    Int:  5    God:
Gold:   117        SH:  9    Dex: 10    Spells: 3/3 levels left

rFire    + . .     SeeInvis .   a - +0 trident
rCold    . . .     Gourm    .   c - +0 shield
rNeg     . . .     Faith    .   g - +0 chain mail
rPois    .         Spirit   +   (helmet restricted)
rElec    .         Reflect  .   (no cloak)
rCorr    .         Harm     .   (no gloves)
MR       .....                  (no boots)
Stlth    ..........             b - amulet of guardian spirit
Regen    0.2/turn               k - ring of protection from fire
MPRegen  0.1/turn               m - ring of stealth (curse)

@: no status effects
A: retaliatory headbutt, horns 2
a: no special abilities


You were on level 2 of the Dungeon.
You were not hungry.

You visited 1 branch of the dungeon, and saw 2 of its levels.

You collected 117 gold pieces.

Inventory:

Hand Weapons
 a - a +0 trident (weapon)
Armour
 c - a +0 shield (worn)
 g - a +0 chain mail (worn)
Jewellery
 b - an amulet of guardian spirit (around neck)
 k - a ring of protection from fire (left hand)
 m - a cursed ring of stealth (right hand)
 n - an uncursed ring of positive energy
Scrolls
 e - 5 scrolls of identify {unknown}
 h - a scroll of remove curse
 l - a scroll of amnesia {unknown}
Potions
 d - a potion of might
 j - a potion of curing {unknown}
 o - a potion of berserk rage {unknown}
 q - a potion of agility {unknown}
Comestibles
 f - 2 bread rations
 i - 4 chunks of flesh
 p - a meat ration


   Skills:
 - Level 3.6 Fighting
 + Level 5.8 Polearms
 - Level 3.6 Armour
 - Level 3.6 Shields


You had 3 spell levels left.
You didn't know any spells.

Dungeon Overview and Level Annotations

Branches:
Dungeon (2/15)

Altars:
Elyvilon


Innate Abilities, Weirdness & Mutations

You reflexively headbutt those who attack you in melee.
You have a pair of horns on your head.


Message History

The adder is severely wounded.
The adder bites you but does no damage. x2
You closely miss the adder.
The adder is severely wounded.
The adder closely misses you.
You closely miss the adder.
The adder is severely wounded.
The adder bites you but does no damage.
You puncture the adder!
You kill the adder!
No target in view!
No target in view!
No target in view!
No target in view!
No target in view!
q - a lumpy dark potion You open the door.
There is an open door here.
Found 7 javelins.
Are you sure you want to abandon this character and quit the game? (Confirm with "yes".)

#......############........# #...
#)#....# ##_## #.##....#.#####...
..#....# 8...8##.##....#.........
###....##.....##.......##.....#..
.....#8.....8#..#....##.....#..
.....##.....##.......##.....#..
.....##8...8##.....####.....#..
....# #.................
#@................
#.................
#.................
#.................
#.............##..
+.............# ..
............... ..(......


There were no monsters in sight!

Vanquished Creatures
  An orc priest (D:2)
  4 adders
  An ooze (D:1)
  2 dart slugs
  4 orcs (D:2)
  A bat (D:1)
  2 goblins
  2 hobgoblins (D:1)
  4 kobolds
  A quokka (D:2)
  2 frilled lizards
  5 rats
29 creatures vanquished.

Notes
Turn   | Place    | Note
-------+----------+-------------------------------------------
     0 | D:1      | Fingolfin the Minotaur Fighter began the quest for the Orb.
     0 | D:1      | Reached XP level 1. HP: 19/19 MP: 0/0
    99 | D:1      | Reached skill level 3 in Polearms
   132 | D:1      | Reached XP level 2. HP: 26/26 MP: 1/1
   557 | D:1      | Reached skill level 4 in Polearms
   824 | D:2      | Reached XP level 3. HP: 31/31 MP: 2/2
   864 | D:2      | Reached skill level 5 in Polearms
   880 | D:2      | Reached XP level 4. HP: 17/39 MP: 1/3
  1232 | D:2      | Found a white marble altar of Elyvilon.
  1346 | D:2      | Quit the game

Skill      XL: |  1  2  3 |
---------------+----------+-----
Polearms       | 3 4 5 |  5.8
Fighting       | |  3.6
Armour         | |  3.6
Shields        | |  3.6

Action                   |  1- 3 |  4- 6 || total
-------------------------+-------+-------++-------
Melee: Trident           |    66 |    27 ||    93
       Headbutt          |    10 |     1 ||    11
  Use: Scroll            |     1 |       ||     1
  Eat: Chunk             |       |     1 ||     1
Armor: Chain mail        |    28 |    12 ||    40
Dodge: Dodged            |    13 |     3 ||    16
Block: Shield            |    31 |    10 ||    41
